 Dungeon Crawl Stone Soup version 0.19-a0-1899-g2d93087 (webtiles) character file.

58 Naow the Sneak (level 3, -8/16 HPs)
             Began as a Spriggan Enchanter on Oct 20, 2016.
             Killed by nerve-wracking pain
             ... invoked by Grinder
              (13 damage)
             ... on level 3 of the Dungeon.
             The game lasted 00:03:30 (1962 turns).

Naow the Sneak (Spriggan Enchanter)                 Turns: 1962, Time: 00:03:31

Health: -8/16      AC:  3    Str:  4    XL:     3   Next: 76%
Magic:  8/8        EV: 19    Int: 19    God:
Gold:   95         SH:  0    Dex: 19    Spells: 2 memorised, 5 levels left

rFire  . . .     SeeInvis +     a - +1 dagger
rCold  . . .     Gourm    .     b - +1 robe
rNeg   . . .     Faith    .     (shield restricted)
rPois  .         Spirit   .     (helmet restricted)
rElec  .         Reflect  .     (no cloak)
rCorr  .         Harm     .     (gloves unavailable)
MR     .....                    (boots unavailable)
Stlth  +++.......               q - amulet of inaccuracy (curse)
                                (no ring)
                                g - +3 ring of intelligence

@: very quick
A: unfitting armour, see invisible, agile 1, herbivore 3, speed 3, slow
metabolism 2
a: no special abilities


You were on level 3 of the Dungeon.
You were not hungry.

You visited 1 branch of the dungeon, and saw 3 of its levels.

You collected 95 gold pieces.

Inventory:

Hand Weapons
 a - a +1 dagger (weapon)
Armour
 b - a +1 robe (worn)
Jewellery
 g - a +3 ring of intelligence (left hand)
 q - a cursed amulet of inaccuracy (around neck)
Scrolls
 l - a scroll of amnesia
Potions
 h - 2 potions of cure mutation
 j - a potion of flight {unknown}
 k - a potion of ambrosia {unknown}
 n - a potion of agility {unknown}
 o - a potion of curing {unknown}
Books
 c - a book of Maledictions

   Spells                             Type                      Level
   a - Corona                         Hexes                        1
   b - Ensorcelled Hibernation        Hexes/Ice                    2
   c - Confuse                        Hexes                        3
   d - Tukima's Dance                 Hexes                        3
   e - Dazzling Spray                 Conjuration/Hexes            3
Comestibles
 d - 6 bread rations
 f - a royal jelly


   Skills:
 + Level 2.1 Short Blades
 + Level 3.3 Dodging
 + Level 4.9 Stealth
 + Level 3.3 Spellcasting
 + Level 4.4 Hexes


You had 5 spell levels left.
You knew the following spells:

 Your Spells              Type           Power        Failure   Level  Hunger
a - Corona                Hex            ###....      2%          1    None
b - Ensorcelled Hibernat  Hex/Ice        ##....       10%         2    ##.....


Dungeon Overview and Level Annotations

Branches:
Dungeon (3/15)

Altars:
Ru

Annotations:
D:3 Grinder


Innate Abilities, Weirdness & Mutations

You are very small and have problems with some larger weapons.
You are too small for most types of armour.
You have supernaturally acute eyesight. (SInv)
You are a herbivore.
You cover ground extremely quickly.
You need consume almost no food.
You are agile. (Dex +2)


Message History

Grinder comes into view.
Grinder shouts!
Grinder blinks!
Found a scroll of amnesia.
There is a stone staircase leading down here.
You hit Grinder.
Grinder is lightly wounded.
Grinder misses you.
You hit Grinder but do no damage.
Grinder is lightly wounded.
Grinder drinks a potion.
Grinder seems to grow stronger.
You barely miss Grinder.
Grinder is lightly wounded.
Grinder gestures at you. Pain shoots through your body!
Ouch! That really hurt!
Grinder gestures at you. Pain shoots through your body!
Ouch! That really hurt!
You die...

#.# #.# ##### #.#
#.?.###.# #.# #.#.5...#
##.## #...# ##...##
#.@## #
##.....###..#####
######........>........
##...............#####.
...#####...#.....# ####
##.##.##### # ####.# #
#.# #.#


You could see Grinder.

Vanquished Creatures
  An adder (D:2)
  An ooze (D:2)
  2 worms
  A dart slug (D:2)
  2 leopard geckos
  A giant cockroach (D:2)
  4 goblins
  6 hobgoblins
  3 kobolds
  A quokka (D:2)
  3 bats
  6 frilled lizards
  5 rats
36 creatures vanquished.

Notes
Turn   | Place    | Note
-------+----------+-------------------------------------------
     0 | D:1      | Naow the Spriggan Enchanter began the quest for the Orb.
     0 | D:1      | Reached XP level 1. HP: 9/9 MP: 5/5
   678 | D:1      | Reached XP level 2. HP: 10/13 MP: 6/6
   682 | D:1      | Learned a level 2 spell: Ensorcelled Hibernation
  1207 | D:2      | Reached XP level 3. HP: 16/16 MP: 8/8
  1318 | D:2      | Found a sacrificial altar of Ru.
  1700 | D:2      | Gained mutation: You are agile. (Dex +2) [potion of beneficial mutation]
  1953 | D:3      | Noticed Grinder
  1962 | D:3      | Killed from afar by Grinder

Vault maps used:
D:1:      dpeg_arrival_ternary
D:2:      nicolae_ru_path_of_blood
D:3:      first_bread, uniq_robin, uniq_grinder, uniq_natasha

Skill      XL: |  1  2  3 |
---------------+----------+-----
Hexes          | 4 |  4.4
Spellcasting   | 3 |  3.3
Short Blades   | 2 |  2.1
Dodging        | |  3.3
Stealth        | |  4.9

Action                   || total
-------------------------++-------
Melee: Dagger            ||   139
 Cast: Ensorcelled Hiber ||     5
  Use: Scroll            ||     5
       Potion            ||     1
 Stab: Distracted        ||     2
       Sleeping          ||    12
Armor: Robe              ||    14
Dodge: Dodged            ||    84
